 Dungeon Crawl Stone Soup version 0.25.0-9-g26727b657a (webtiles) character file.

Game seed: 16756467927464277502

31391 theswoord the Basher (level 13, -6/106 HPs)
             Began as a Demonspawn Gladiator on June 16, 2020.
             Was a Priest of Wu Jian.
             Mangled by a komodo dragon (8 damage)
             ... on level 6 of the Lair of Beasts.
             The game lasted 00:29:28 (14157 turns).

theswoord the Basher (Demonspawn Gladiator)        Turns: 14157, Time: 00:29:29

Health: -6/106     AC: 16    Str: 17    XL:     13   Next: 25%
Magic:  13/13      EV:  9    Int: 10    God:    Wu Jian [***...]
Gold:   732        SH:  0    Dex: 17    Spells: 12/12 levels left

rFire    + . .     SeeInvis .   e - +6 shillelagh "Devastator" {shatter}
rCold    . . .     Gourm    .   (no shield)
rNeg     . . .     Faith    .   x - +0 plate armour
rPois    .         Spirit   .   (helmet restricted)
rElec    .         Reflect  .   o - +0 cloak
rCorr    .         Harm     .   b - +0 pair of gloves
MR       +....                  q - +1 pair of boots
Stlth    ..........             v - amulet of regeneration
HPRegen  0.67/turn              y - ring of the Scavenger {*Corrode +Inv rF+ MR+}
MPRegen  0.13/turn              h - ring of flight

@: lethally poisoned (-6 -> -8), about to teleport, frozen, corroded, very slow
A: horns 2, molten scales 1, foul stench 1, spiny 1, rot immunity
a: Wall Jump, Serpent's Lash, Renounce Religion, Evoke Invisibility, Evoke
Flight


You were on level 6 of the Lair of Beasts.
You worshipped Wu Jian.
Wu Jian was most pleased with you.
You were near starving.

You visited 2 branches of the dungeon, and saw 15 of its levels.

You collected 732 gold pieces.

Inventory:

Hand Weapons
 e - the +6 shillelagh "Devastator" (weapon) {shatter}
   (You found it on level 4 of the Dungeon)
Missiles
 d - 5 throwing nets (quivered)
Armour
 b - a +0 pair of gloves (worn)
 c - the +1 ring mail of the Pink Corner {*Drain Str+4, unknown}
   (You found it on level 5 of the Lair of Beasts)

   It affects your strength (+4).
   It causes draining when unequipped.
 o - a +0 cloak (worn)
 q - a +1 pair of boots (worn)
 x - a +0 plate armour (worn)
Jewellery
 h - a ring of flight (right hand)
 v - an amulet of regeneration (around neck)
 y - the ring of the Scavenger (left hand) {*Corrode +Inv rF+ MR+}
   (You found it on level 5 of the Dungeon)

   [ring of protection from fire]

   It protects you from fire.
   It affects your resistance to hostile enchantments.
   It lets you turn invisible.
   It may corrode you when you take damage.
 B - an uncursed amulet of reflection
 C - an uncursed amulet of inaccuracy
Wands
 a - a wand of acid (14)
 l - a wand of paralysis (10)
 A - a wand of disintegration (17)
Scrolls
 j - 9 scrolls of remove curse
 k - a scroll of fog
 m - 2 scrolls of enchant weapon
 s - 4 scrolls of immolation
 t - a scroll of noise
 w - 2 scrolls of amnesia
 D - 2 scrolls of enchant armour
 E - 2 scrolls of blinking {unknown}
 G - a scroll of teleportation
 J - 10 scrolls of identify
 L - a scroll of vulnerability
Potions
 g - 2 potions of lignification
 i - 3 potions of mutation
 n - 6 potions of curing
 p - a potion of stabbing
 r - a potion of cancellation
 z - 2 potions of brilliance
 H - a potion of flight {unknown}
 I - a potion of degeneration
 K - a potion of ambrosia {unknown}
 M - 2 potions of might {unknown}
Comestibles
 f - 23 rations


   Skills:
 * Level 11.6 Fighting
   Level 5.7 Long Blades
 - Level 14.0 Maces & Flails
 - Level 1.7 Throwing
 + Level 6.8 Armour
 + Level 7.5 Dodging


You had 12 spell levels left.
You didn't know any spells.
Your spell library contained the following spells:

 Spells                   Type           Power        Failure   Level  Hunger
 Animate Skeleton         Necr           N/A          100%        1    ##.....
 Apportation              Tloc           #.....       100%        1    ##.....
 Corona                   Hex            #......      100%        1    ##.....
 Foxfire                  Conj/Fire      #...         100%        1    ##.....
 Freeze                   Ice            #...         100%        1    ##.....
 Sting                    Tmut/Pois      #...         100%        1    ##.....
 Summon Small Mammal      Summ           #...         100%        1    ##.....
 Ensorcelled Hibernation  Hex/Ice        #.....       100%        2    ###....
 Poisonous Vapours        Pois/Air       #.....       100%        2    ###....
 Confusing Touch          Hex            #.......     100%        3    ####...
 Conjure Flame            Conj/Fire      #.......     100%        3    ####...
 Dazzling Flash           Conj/Hex       #.....       100%        3    ####...
 Frozen Ramparts          Ice            #.....       100%        3    ####...
 Ignite Poison            Fire/Tmut/Pois #.......     100%        3    ####...
 Inner Flame              Hex/Fire       #.......     100%        3    ####...
 Mephitic Cloud           Conj/Pois/Air  #.......     100%        3    ####...
 Ozocubu's Armour         Chrm/Ice       #.......     100%        3    ####...
 Tukima's Dance           Hex            #.......     100%        3    ####...
 Cause Fear               Hex            #.........   100%        4    #####..
 Hailstorm                Conj/Ice       #.......     100%        4    #####..
 Olgreb's Toxic Radiance  Pois           #.......     100%        4    #####..
 Sticky Flame             Conj/Fire      #.......     100%        4    #####..
 Summon Ice Beast         Ice/Summ       #.......     100%        4    #####..
 Summon Lightning Spire   Summ/Air       #.......     100%        4    #####..
 Fireball                 Conj/Fire      #.........   100%        5    ######.
 Silence                  Hex/Air        #.........   100%        5    ######.
 Yara's Violent Unravell  Hex/Tmut       #.........   100%        5    ######.
 Conjure Ball Lightning   Conj/Air       #.........   100%        6    #######
 Discord                  Hex            #.........   100%        8    #######
 Tornado                  Air            #.........   100%        9    #######


Dungeon Overview and Level Annotations

Branches:
Dungeon (9/15)             Temple (0/1) D:6            Lair (6/6) D:8
 Shoals (0/4) Lair:4       Spider (0/4) Lair:3        Slime (0/5) Lair:5
    Orc: D:9-12

Altars:
Ashenzari
Fedhas
Gozag
Hepliaklqana
Qazlal
Wu Jian
Yredelemnul
The Shining One
Jiyva

Annotations:
Lair:2 exclusion: 4 oklob plants
Lair:4 exclusion: 2 doors


Innate Abilities, Weirdness & Mutations

You have a pair of horns on your head.
You are partially covered in molten scales. (AC +2)
You may emit foul miasma when damaged in melee.
You are partially covered in sharp spines.
You are immune to rotting.


Message History

The spiny frog barely misses you. The komodo dragon bites you!
* * * LOW HITPOINT WARNING * * *
The wyvern bites the plant but does no damage.
A yak comes into view.
You feel much better.
You feel yourself speed up.
You feel sick.
The spiny frog is struck by your spines.
The spiny frog stings you.
* * * LOW HITPOINT WARNING * * *
The rime drake breathes ice at you. The flash freeze hits you!!
* * * LOW HITPOINT WARNING * * *
You are encased in ice.
The elephant tramples you!
* * * LOW HITPOINT WARNING * * *
Your corrosive artefact corrodes you!
You hold your ground!
The elephant looks sick.
The elephant barely misses you.
The wyvern bites the plant!
The komodo dragon bites you!
You die...

.F..........l... .^..
..F............. ....
......Y......... ##
t................. . #.
#P.......#.# ... ##.
###... #..## .... #..
.PP... ##F..####..... ##.
P.P..##Y.....##.....###.
#....#@............##..
##...PF#lk..........###.
#.....l..##.P.##....####
##..(..###..####.....###
#........#..###.......#.
..........................
##.##.#....#..#..#...#.#..
. ###..######.#.###.###.
#### ##### ##.###


You could see an elephant (sick), a komodo dragon, a yak, 2 spiny frogs, a rime
drake (catching breath) and a wyvern.

Vanquished Creatures
  7 hydras
  5 death yaks (Lair:2)
  A two-headed ogre (D:8)
  Joseph (D:7)
  11 elephants (Lair:5)
  4 black mambas
  6 spiny frogs
  4 rime drakes
  5 komodo dragons
  A polar bear (Lair:3)
  2 jumping spiders (Lair:3)
  A troll (D:7)
  Prince Ribbit (D:7)
  4 blink frogs (Lair:4)
  3 hornets
  A hippogriff (Lair:1)
  6 dream sheep (Lair:4)
  Grinder (D:6)
  Sigmund (D:6)
  4 wyverns
  A redback (Lair:3)
  4 basilisks
  12 yaks
  2 wargs (D:8)
  7 water moccasins
  8 porcupines
  4 sky beasts
  A black bear (D:8)
  3 orc warriors
  2 phantoms
  4 ogres
  4 wolves (Lair:2)
  4 centaurs
  10 crocodiles
  18 bullfrogs
  2 scorpions
  A howler monkey (D:6)
  3 bullfrog zombies
  A crimson imp (D:8)
  6 hounds
  Crazy Yiuf (D:4)
  2 orc priests (D:5)
  3 bullfrog skeletons
  2 iguanas
  6 orc wizards
  8 worker ants
  A hound skeleton (D:6)
  A worker ant zombie (D:7)
  A howler monkey skeleton (D:5)
  A gnoll (D:5)
  7 adders
  A shadow imp (D:8)
  A worm (D:5)
  6 dart slugs
  3 leopard geckos
  30 orcs
  6 giant cockroaches
  2 goblins (D:3)
  3 hobgoblins
  8 jackals
  2 quokkas
  3 bats
  5 frilled lizards
  8 kobolds
  A leopard gecko skeleton (D:5)
  2 quokka skeletons
  5 rats
  A spectral orc (D:2)
  3 fungi
  2 plants (Lair:2)
291 creatures vanquished.

Vanquished Creatures (others)
  5 fungi
  4 plants (Lair:2)
9 creatures vanquished.

Grand Total: 300 creatures vanquished

Notes
Turn   | Place    | Note
-------+----------+-------------------------------------------
     0 | D:1      | theswoord the Demonspawn Gladiator began the quest for the
                  | Orb.
     0 | D:1      | Reached XP level 1. HP: 16/16 MP: 1/1
   261 | D:1      | Gained mutation: You are partially covered in sharp spines.
                  | [demonic ancestry]
   261 | D:1      | Reached XP level 2. HP: 18/22 MP: 2/2
  1053 | D:2      | Noticed a water elemental
  1054 | D:2      | Found a stormy altar of Qazlal.
  1058 | D:2      | Noticed an earth elemental
  1058 | D:2      | Noticed an air elemental
  1058 | D:2      | Noticed a fire elemental
  1205 | D:2      | Found a faded altar of an unknown god.
  1491 | D:2      | Reached XP level 3. HP: 27/27 MP: 3/3
  1689 | D:2      | Found a basalt altar of Yredelemnul.
  2576 | D:4      | Reached XP level 4. HP: 28/33 MP: 4/4
  2603 | D:4      | Reached skill level 5 in Long Blades
  2806 | D:4      | Reached XP level 5. HP: 21/38 MP: 5/5
  3015 | D:4      | Found the +6 shillelagh "Devastator" {shatter}
  3092 | D:4      | Reached skill level 1 in Maces & Flails
  3107 | D:4      | Reached skill level 2 in Maces & Flails
  3107 | D:4      | Gained mutation: You are immune to rotting. [demonic
                  | ancestry]
  3107 | D:4      | Reached XP level 6. HP: 44/44 MP: 6/6
  3347 | D:4      | Found a runed translucent door.
  3348 | D:4      | Noticed Crazy Yiuf
  3613 | D:4      | Killed Crazy Yiuf
  3613 | D:4      | Reached skill level 3 in Maces & Flails
  3675 | D:5      | Entered Level 5 of the Dungeon
  3678 | D:5      | Found a stormy altar of Qazlal.
  3741 | D:5      | Noticed a sky beast
  3747 | D:5      | Killed a sky beast
  3747 | D:5      | Reached skill level 4 in Maces & Flails
  3984 | D:5      | Reached XP level 7. HP: 45/50 MP: 7/7
  4029 | D:5      | Got a bound bone ring
  4071 | D:5      | Reached skill level 5 in Maces & Flails
  4221 | D:5      | Found an ornate altar of the Wu Jian Council.
  4230 | D:5      | Became a worshipper of the Wu Jian Council
  4305 | D:6      | Reached skill level 6 in Maces & Flails
  4468 | D:6      | Reached XP level 8. HP: 24/56 MP: 8/8
  4472 | D:6      | Found a hazy altar of Hepliaklqana.
  4478 | D:6      | Reached skill level 7 in Maces & Flails
  4504 | D:6      | Reached * piety under Wu Jian
  4504 | D:6      | Reached skill level 8 in Maces & Flails
  4882 | D:6      | Found a shattered altar of Ashenzari.
  4896 | D:6      | Noticed Grinder
  4908 | D:6      | Killed Grinder
  4908 | D:6      | Reached skill level 9 in Maces & Flails
  5188 | D:6      | Noticed Sigmund
  5192 | D:6      | Killed Sigmund
  5226 | D:6      | Found a staircase to the Ecumenical Temple.
  5560 | D:7      | Gained mutation: You have a pair of small horns on your
                  | head. [demonic ancestry]
  5560 | D:7      | Reached XP level 9. HP: 61/61 MP: 9/9
  5594 | D:7      | Identified the ring of the Scavenger {*Corrode +Inv rF+
                  | MR+} (You found it on level 5 of the Dungeon)
  5664 | D:7      | Noticed Joseph
  5677 | D:7      | Killed Joseph
  5677 | D:7      | Reached skill level 10 in Maces & Flails
  5684 | D:7      | Noticed a troll
  5685 | D:7      | Noticed Prince Ribbit
  5687 | D:7      | Killed a troll
  5693 | D:7      | Killed Prince Ribbit
  5952 | D:7      | Reached skill level 11 in Maces & Flails
  6161 | D:7      | Found a blossoming altar of Fedhas.
  6161 | D:7      | Found an opulent altar of Gozag.
  6166 | D:7      | Found a glowing golden altar of the Shining One.
  6173 | D:7      | Found a faded altar of an unknown god.
  6175 | D:7      | Found a faded altar of an unknown god.
  6805 | D:8      | Found a staircase to the Lair.
  6818 | D:8      | Gained mutation: You have a pair of horns on your head.
                  | [demonic ancestry]
  6818 | D:8      | Reached XP level 10. HP: 49/67 MP: 10/10
  6820 | D:8      | Reached skill level 12 in Maces & Flails
  7058 | D:8      | Reached ** piety under Wu Jian
  7188 | D:8      | Noticed a two-headed ogre
  7196 | D:8      | Killed a two-headed ogre
  7575 | D:8      | Reached skill level 13 in Maces & Flails
  7711 | Lair:1   | Entered Level 1 of the Lair of Beasts
  7711 | Lair:1   | Noticed a six-headed hydra
  7716 | Lair:1   | Noticed a spiny frog
  7718 | Lair:1   | Killed a six-headed hydra
  8001 | D:8      | Killed a spiny frog
  8276 | Lair:1   | Noticed a six-headed hydra
  8277 | Lair:1   | Noticed a spiny frog
  8282 | Lair:1   | Killed a six-headed hydra
  8282 | Lair:1   | Reached XP level 11. HP: 69/78 MP: 11/11
  8510 | Lair:1   | Reached skill level 14 in Maces & Flails
  8564 | Lair:1   | Reached skill level 5 in Fighting
  8987 | Lair:1   | Reached skill level 1 in Armour
  9854 | Lair:2   | Noticed a six-headed hydra
  9867 | Lair:2   | Killed a six-headed hydra
  9990 | Lair:2   | Noticed an oklob plant
  9990 | Lair:2   | Noticed an oklob plant
  9990 | Lair:2   | Noticed an oklob plant
  9990 | Lair:2   | Noticed an oklob plant
 10032 | Lair:2   | Found an ornate altar of the Wu Jian Council.
 10242 | Lair:2   | Noticed a death yak
 10242 | Lair:2   | Noticed a death yak
 10246 | Lair:2   | Noticed a death yak
 10247 | Lair:2   | Noticed a death yak
 10254 | Lair:2   | Killed a death yak
 10265 | Lair:2   | Noticed a death yak
 10461 | Lair:2   | Killed a death yak
 10470 | Lair:2   | Killed a death yak
 10474 | Lair:2   | Killed a death yak
 10475 | Lair:2   | Killed a death yak
 10475 | Lair:2   | Reached skill level 5 in Dodging
 10475 | Lair:2   | Gained mutation: You may emit foul miasma when damaged in
                  | melee. [demonic ancestry]
 10475 | Lair:2   | Reached XP level 12. HP: 38/94 MP: 12/12
 11232 | Lair:3   | Found a hole to the Spider Nest.
 11297 | Lair:3   | Noticed a seven-headed hydra
 11312 | Lair:3   | Killed a seven-headed hydra
 11985 | Lair:4   | Noticed a four-headed hydra
 11989 | Lair:4   | Reached skill level 5 in Armour
 11997 | Lair:4   | Killed a four-headed hydra
 12003 | Lair:4   | Reached skill level 10 in Fighting
 12441 | Lair:4   | Reached *** piety under Wu Jian
 12501 | Lair:4   | Found a staircase to the Shoals.
 13272 | Lair:5   | Gained mutation: You are partially covered in molten
                  | scales. (AC +2) [demonic ancestry]
 13272 | Lair:5   | Reached XP level 13. HP: 96/106 MP: 13/13
 13342 | Lair:5   | Found a viscous altar of Jiyva.
 13342 | Lair:5   | Found a staircase to the Slime Pits.
 13650 | Lair:5   | Got a warped ring mail
 13919 | Lair:6   | Entered Level 6 of the Lair of Beasts
 14149 | Lair:6   | Paralysed by a hornet for 3 turns
 14157 | Lair:6   | HP: 2/106 [elephant (13)]
 14157 | Lair:6   | Mangled by a komodo dragon

Skill      XL: |  1  2  3  4  5  6  7  8  9 10 11 12 |
---------------+-------------------------------------+-----
Long Blades    | 3 4 5 |  5.7
Maces & Flails | 2 4 6 9 11 13 14 | 14.0
Fighting       | 4 8 11 | 11.6
Armour         | 4 6 |  6.8
Dodging        | 5 7 |  7.5
Throwing       | |  1.7

Action                   |  1- 3 |  4- 6 |  7- 9 | 10-12 | 13-15 || total
-------------------------+-------+-------+-------+-------+-------++-------
Melee: Long sword        |    84 |    39 |       |       |       ||   123
       Shillelagh        |       |    33 |   127 |   302 |    61 ||   523
       Headbutt          |       |       |    10 |    69 |    14 ||    93
Invok: Lunge             |       |       |    11 |    35 |     3 ||    49
       Whirlwind         |       |       |       |     2 |     4 ||     6
Evoke: Wand              |       |       |       |    19 |       ||    19
  Use: Scroll            |     3 |     8 |     1 |     2 |     6 ||    20
       Potion            |       |       |     7 |     5 |     1 ||    13
 Stab: Invisible         |       |       |     2 |       |       ||     2
  Eat: Chunk             |     5 |     4 |     9 |    17 |     1 ||    36
       Ration            |       |       |       |     1 |       ||     1
Armor: Leather armour    |     5 |       |       |       |       ||     5
       Scale mail        |    29 |    23 |    21 |       |       ||    73
       Plate armour      |       |       |    15 |    98 |    34 ||   147
       Skin              |       |       |     1 |       |       ||     1
Dodge: Dodged            |    47 |    35 |    19 |    59 |    28 ||   188
Block: Other             |     3 |    15 |    14 |    13 |       ||    45
       Rpst.: Long sword |    11 |     6 |       |       |       ||    17

Levels and vault maps discovered:
D:1:      lightli_arrival_isolated_outpost, layout_loops_corners
D:2:      layout_basic, nicolae_qazlal_style_of_elements,
          yredelemnul_forgotten_temple_becter, chequers_ecumenical_altar_lobes
D:3:      layout_loops_ring
D:4:      layout_basic, grunt_ministairs_3, hangedman_feature_mirror,
          uniq_crazy_yiuf_cottage
D:5:      lemuel_upstairs_altar, layout_basic, first_ration,
          hangedman_feature_mirror
D:6:      layout_loops_ring, nicolae_overflow_crystal_walls,
          minmay_temple_entry_nine_rooms, basic_altar, minmay_fractal_squares_5,
          uniq_sigmund, uniq_grinder
D:7:      layout_loops_ring, chequers_temple_overflow_minitemple,
          grunt_ogre_cave, uniq_prince_ribbit1, uniq_joseph
D:8:      layout_loops_corners, erik_lair_orcish_takeover, grunt_ministairs_3
D:9:      layout_basic, serial_shops, shop, basic_altar, uniq_harold
Lair:1:   layout_layer_cave
Lair:2:   layout_regular_city, basic_altar, grunt_megastairs_1,
          serial_bayou_shore_a, minmay_lair_oklob_chamber,
          infiniplex_staircase_pool_2
Lair:3:   layout_hall_layers, spider_nest_entry_a
Lair:4:   layout_layer_cave, elwin_shoals_entry_rooms
Lair:5:   layout_roguey, slime_altar_1
Lair:6:   gammafunk_lair_ancient_temple, layout_regular_city
